 Dungeon Crawl Stone Soup version 0.27.1-2-g3b301248ec (webtiles) character file.

Game seed: 13676390875863173999

483 barney the Changer (level 6, -2/47 HPs)
             Began as a Draconian Transmuter on Sept 27, 2021.
             Slain by an iguana (6 damage)
             ... on level 4 of the Dungeon.
             The game lasted 00:04:57 (4294 turns).

barney the Changer (Draconian Transmuter)           Turns: 4294, Time: 00:04:57

Health: -2/47      AC:  2    Str: 18    XL:     6   Next: 88%
Magic:  6/9        EV: 19    Int: 15    God:
Gold:   234        SH:  0    Dex: 17    Spells: 1/9 levels left

rFire    . . .     SeeInvis .     - Unarmed
rCold    + . .     Faith    .   (shield currently unavailable)
rNeg     . . .     Spirit   .   (armour unavailable)
rPois    x         Reflect  .   (helmet currently unavailable)
rElec    .         Harm     .   (cloak currently unavailable)
rCorr    .         Rampage  .   (gloves currently unavailable)
Will     .....                  (boots currently unavailable)
Stlth    ++........             (no amulet)
HPRegen  0.15/turn              g - +6 ring of strength
MPRegen  0.11/turn              h - ring of protection from cold

@: spider-form
A: venomous fangs, AC +6, tiny, unfitting armour, (cold-blooded)
a: End Transformation


You were on level 4 of the Dungeon.
You were a venomous arachnid creature.
You visited 1 branch of the dungeon, and saw 4 of its levels.

You collected 234 gold pieces.

Inventory:

Hand Weapons
 d - a +1 mace of protection (melded)
Magical Staves
 c - a staff of earth
Jewellery
 g - a +6 ring of strength (left front leg)
 h - a ring of protection from cold (right front leg)
Scrolls
 a - 3 scrolls of teleportation
 b - 3 scrolls of noise {unknown}
 e - 6 scrolls of identify {unknown}
 j - 2 scrolls of magic mapping {unknown}
 k - a scroll of fog {unknown}


   Skills:
 - Level 1.1 Fighting
 - Level 1.7 Dodging
 - Level 3.0 Unarmed Combat
 - Level 2.0 Spellcasting
 * Level 7.5 Transmutations


You had one spell level left.
You knew the following spells:

 Your Spells              Type           Power      Damage    Failure   Level
a - Beastly Appendage     Tmut           48%        N/A       5%          1
b - Spider Form           Tmut/Pois      6%         N/A       32%         3
c - Ice Form              Ice/Tmut       12%        N/A       65%         4

Your spell library contained the following spells:

 Spells                   Type           Power      Damage    Failure   Level
 Wereblood                Tmut           24%        N/A       7%          2


Dungeon Overview and Level Annotations

Branches:
Dungeon (4/15)
 Temple: D:4-7

Altars:


Innate Abilities, Weirdness & Mutations

You are a venomous arachnid creature.
You have poisonous fangs.
You are tiny and dextrous.
Your spellcasting is less reliable in this form.
Your armour is entirely melded.
You are incapable of wielding weapons or throwing items.
((Your plain brown scales are hard. (AC +6)))
You cannot fit into any form of body armour.
((You are cold-blooded and may be slowed by cold attacks.))


Message History

You hit the ogre.
The ogre is lightly wounded.
The ogre hits you with a +0 giant club!!
* * * LOW HITPOINT WARNING * * *
You aren't carrying any potions.
Unknown command.
You hit the ogre but do no damage.
The ogre is poisoned.
The ogre is lightly wounded.
Your transformation is almost over.
The ogre hits you with a +0 giant club.
* * * LOW HITPOINT WARNING * * *
You aren't carrying any potions.
Unknown command.
As you read the scroll of teleportation, it crumbles to dust.
You feel strangely unstable. The ogre misses you.
You completely miss the ogre.
The ogre is lightly wounded.
You bite the ogre!
The ogre is moderately wounded.
The ogre closely misses you.
You hit the ogre.
The ogre looks even sicker.
The ogre is heavily wounded.
Your surroundings suddenly seem different.
You start resting.
Your transformation has ended.
Your +1 mace of protection unmelds from your body.
Your +1 mace of protection hums with potential!
You start resting.
Magic restored.
An iguana comes into view.
An iguana is nearby!
Casting: Spider Form (dangerous; 14% risk of failure)
Confirm with . or Enter, or press ? or * to list all spells.
You turn into a venomous arachnid creature.
Your +1 mace of protection melds into your body.
Your +1 mace of protection goes still.
You aren't carrying any potions.
Unknown command.
The iguana bites you.
You die...

##.#..................
#.########...........
# #...........
###...........
######.............
#............##<..#
#......>..#########
#.........#
#.sl......#
###########


You could see an iguana.

Vanquished Creatures
  A sky beast (D:4)
  A scorpion (D:4)
  A bullfrog (D:4)
  A hound (D:4)
  An iguana (D:4)
  An orc wizard (D:3)
  2 hound skeletons (D:4)
  A gnoll (D:4)
  6 adders
  An ufetubus (D:4)
  A worm (D:3)
  4 dart slugs
  7 orcs (D:3)
  3 bats
  6 endoplasms
  5 giant cockroaches
  5 goblins
  3 hobgoblins
  11 jackals
  3 quokkas
  8 ball pythons
  2 frilled lizards
  4 kobolds
  3 rats
81 creatures vanquished.

Notes
Turn   | Place    | Note
-------+----------+-------------------------------------------
     0 | D:1      | barney the Draconian Transmuter began the quest for the
                  | Orb.
     0 | D:1      | Reached XP level 1. HP: 16/16 MP: 3/3
   367 | D:1      | Reached XP level 2. HP: 23/23 MP: 5/5
   533 | D:1      | Found a faded altar of an unknown god.
   549 | D:1      | Reached skill level 3 in Transmutations
  1119 | D:2      | Reached XP level 3. HP: 26/28 MP: 4/6
  1123 | D:2      | Learned a level 3 spell: Spider Form
  1601 | D:2      | Reached skill level 4 in Transmutations
  1971 | D:2      | Reached XP level 4. HP: 11/35 MP: 3/7
  2644 | D:3      | Reached skill level 5 in Transmutations
  2834 | D:3      | Reached XP level 5. HP: 28/40 MP: 1/8
  3656 | D:4      | Reached skill level 6 in Transmutations
  3961 | D:4      | Reached XP level 6. HP: 42/47 MP: 6/9
  3973 | D:4      | Learned a level 4 spell: Ice Form
  4193 | D:4      | Noticed a sky beast
  4203 | D:4      | Reached skill level 7 in Transmutations
  4218 | D:4      | Killed a sky beast
  4272 | D:4      | HP: 1/47 [ogre (6)]
  4294 | D:4      | Slain by an iguana

Illustrated notes

Levels and vault maps discovered:
D:1:      eino_arrival_cavern_e, layout_basic, chequers_ecumenical_altar_grove,
          chequers_serial_rivers_micro_d
D:2:      minmay_razor_zed, layout_rooms, st_stairs_13, serial_bayou_lagoon_a,
          minmay_fountain_box, grunt_decor_one_mirror
D:3:      layout_rooms
D:4:      cheibrodos_barr_body, layout_rooms, ashenzari_altar_1,
          minmay_fractal_squares_5

Skill      XL: |  1  2  3  4  5  6 |
---------------+-------------------+-----
Transmutations | 3 4 5 6 7 |  7.5
Fighting       | |  1.1
Dodging        | |  1.7
Unarmed Combat | |  3.0
Spellcasting   | |  2.0

Action                   |  1- 3 |  4- 6 || total
-------------------------+-------+-------++-------
Melee: Unarmed           |   137 |    98 ||   235
       Kick              |     5 |     6 ||    11
       Headbutt          |     4 |     2 ||     6
       Tailslap          |     6 |     3 ||     9
       Punch             |     3 |     1 ||     4
       Mace              |       |    34 ||    34
 Cast: Beastly Appendage |     9 |     3 ||    12
       Spider Form       |     5 |    17 ||    22
  Use: Potion            |       |     4 ||     4
       Scroll            |       |     2 ||     2
 Stab: Sleeping          |     2 |       ||     2
Armor: Skin              |    52 |    26 ||    78
Dodge: Dodged            |    88 |   110 ||   198
